 Dungeon Crawl Stone Soup version 0.16-a0-249-g5922f4d (webtiles) character file.

160577 Crauler the Hoplite (level 17, -19/94 HPs)
             Began as a Vine Stalker Fighter on Aug 22, 2014.
             Was a High Priest of Okawaru.
             Demolished by a greater naga
             ... wielding a +0 club
              (20 damage)
             ... on Level 5 of the Snake Pit.
             The game lasted 02:22:45 (30819 turns).

Crauler the Hoplite (Vine Stalker Fighter)         Turns: 30819, Time: 02:22:46

HP -19/94        AC 21     Str 20      XL: 17   Next: 76%
MP   0/39        EV 25     Int  5 (7)  God: Okawaru [*****.]
Gold 2932        SH 17     Dex 23      Spells:  5 memorised,  7 levels left

rFire  + + .     SeeInvis .     f - +4 quick blade (stab)
rCold  + + .     Clarity  .     I - +2 scale mail {rC+}
rNeg   . . .     rCorr    .     R - +1 shield {rF+}
rPois  +         rRot     +     v - +0 hat {Int+3}
rElec  .         Spirit   +     Y - +1 cloak {+Inv}
SustAb .         Warding  .     J - +2 pair of gloves {Dex+3}
rMut   .         Stasis   .     g - +0 pair of boots "Strir" {rF+ rC+ Int-4}
Gourm  .                        (no amulet)
MR     ++...                    B - ring of poison resistance
                                P - ring of magical power

@: lethally poisoned, about to teleport, heroism, very resistant to hostile
enchantments, unstealthy
A: fangs 3, regeneration 3, magic shield, antimagic bite, no device heal 3, rot
immunity
a: Heroism, Finesse, Renounce Religion, Evoke Invisibility


You were on level 5 of the Snake Pit.
You worshipped Okawaru.
Okawaru was extremely pleased with you.
You were not hungry.

You visited 6 branches of the dungeon, and saw 34 of its levels.
You also visited: Ice Cave and Volcano.

You collected 3338 gold pieces.
You spent 406 gold pieces at shops.

Inventory:

Hand weapons
 f - a +4 quick blade of stabbing (weapon)
 S - a +5 bastard sword of holy wrath
 T - a cursed +1 dagger of electrocution
Armour
 g - the +0 pair of boots "Strir" (worn) {rF+ rC+ Int-4}
   (Okawaru gifted it to you on level 13 of the Dungeon)

   It affects your intelligence (-4).
   It protects you from fire.
   It protects you from cold.
 v - a +0 hat of intelligence (worn)
 I - a +2 scale mail of cold resistance (worn)
 J - a +2 pair of gloves of dexterity (worn)
 R - a +1 shield of fire resistance (worn)
 Y - a +1 cloak of darkness (worn)
Magical devices
 l - a wand of teleportation (0)
 r - a wand of digging (11)
 u - a wand of hasting (5)
 D - a wand of heal wounds (7)
 Z - a wand of disintegration (14)
Comestibles
 d - 13 bread rations
 n - 12 beef jerkies
 p - 20 meat rations
 E - 13 fruits
 H - 11 royal jellies
Scrolls
 a - 2 scrolls of silence
 h - 11 scrolls of teleportation
 i - 8 scrolls of identify
 t - 3 scrolls of fog
 w - 4 scrolls of recharging
 y - 3 scrolls of blinking
 z - 3 scrolls of fear
 A - 8 scrolls of remove curse
 L - 4 scrolls of magic mapping
 X - 4 scrolls of enchant armour
Jewellery
 b - an uncursed amulet of resist mutation
 B - a ring of poison resistance (right hand)
 F - an uncursed ring of protection from cold
 M - an uncursed ring of magical power
 O - the cursed ring of Ghivaiw {Fire Str+2 Dex+3}
   (You found it on level 11 of the Dungeon)

   [ring of fire]

   It enhances your fire magic, and weakens your ice magic.
   It affects your strength (+2).
   It affects your dexterity (+3).
   It protects you from fire.
   It makes you vulnerable to cold.
   It has a curse placed upon it.
 P - a ring of magical power (left hand)
 Q - an uncursed ring of see invisible
 U - an uncursed ring of protection from magic
 V - the ring "Eshraum" {Ice rElec Str-1 SInv}
   (You found it in an ice cave)

   [ring of ice]

   It enhances your ice magic, and weakens your fire magic.
   It affects your strength (-1).
   It makes you vulnerable to fire.
   It protects you from cold.
   It insulates you from electricity.
   It enhances your eyesight.
Potions
 c - 3 potions of agility
 e - 7 potions of might
 j - 7 potions of brilliance
 m - 5 potions of curing
 o - 6 potions of restore abilities
 q - 3 potions of berserk rage
 x - a potion of cancellation
 C - 2 potions of invisibility
 G - 2 potions of haste
 N - 3 potions of flight
Books
 k - a book of Wizardry

   Spells                             Type                      Level
   Agony                              Necromancy                   5
   Force Lance                        Conjuration                  5
   Dispersal                          Translocation                6
   Haste                              Charms                       6
   Invisibility                       Hexes                        6
   Spellforged Servitor               Conjuration/Summoning        7
Rods
 K - a -2 rod of the swarm (14/14)
   (You found it on level 8 of the Lair of Beasts)


   Skills:
 + Level 12.7(17.7) Fighting
 - Level 12.0(17.0) Short Blades
 + Level 12.3(17.3) Armour
 + Level 11.6(16.6) Dodging
 + Level 13.5(18.5) Shields
 - Level 8.0 Invocations


You had 7 spell levels left.
You knew the following spells:

 Your Spells              Type           Power        Failure   Level  Hunger
a - Apportation           Tloc           #.........   80%         1    ##.....
b - Blink                 Tloc           N/A          94%         2    ###....
c - Summon Butterflies    Summ           #.......     80%         1    ##.....
d - Cure Poison           Pois           #.........   94%         2    ###....
e - Flight                Chrm/Air       #.........   99%         3    ####...


Dungeon Overview and Level Annotations

Branches:
Dungeon (15/15)            Temple (1/1) D:4             Orc (4/4) D:10
    Elf (1/3) Orc:4          Lair (8/8) D:8          Shoals (0/5) Lair:6
  Snake (5/5) Lair:4        Slime (0/6) Lair:7       Vaults (0/5) D:14
 Depths (0/5) D:15

Altars:
Ashenzari
Dithmenos
Elyvilon
Gozag
Kikubaaqudgha
Makhleb
Okawaru
Qazlal
Sif Muna
Trog
Vehumet
Xom
Yredelemnul
Zin
The Shining One

Shops:
D:10 %   D:13 %   Orc:4 %(!*   Elf:1 !   Snake:1 ?

Portals:
Trove: D:10 (give 4 scrolls of blinking)


Innate Abilities, Weirdness & Mutations

You have razor-sharp teeth.
You regenerate.
When hurt, damage is shared between your health and your magic reserves.
Your bite disrupts and absorbs the magic of your enemies.
Potions and wands cannot restore your health.
You are immune to rotting.


Message History

The naga ritualist misses you. The naga mage completely misses you.
A water moccasin comes into view.
Drink which item? (? for menu, Esc to quit)
You feel better.
You are poisoned.
* * * LOW HITPOINT WARNING * * *
You block the greater naga's attack. x2
The greater naga misses you. The naga ritualist closely misses you.
The naga ritualist completely misses you.
The greater naga points at you and mumbles some strange words.
The poison arrow misses you.
A naga mage and a naga ritualist come into view.
Unknown command.
Drink which item? (? for menu, Esc to quit)
You feel better.
The naga ritualist shouts!
You are lethally poisoned!
The naga mage disappears!
The black mamba closely misses you. The greater naga hits you with a club!!
You die...

. N.. ..# # N
#.######.#.#
##...φ.N..##
##.#..S.......N#
#.N...N@...NN...
#
........N.§......
# !...N..N.N..N..
# ...............
# ....#.........N
# .N........... #
........... #
......... # ..# #


You could see 2 naga warriors, 3 greater nagas, a naga sharpshooter (fleeing), 4
naga ritualists, a black mamba, 3 naga magi and 2 nagas.

Vanquished Creatures
  Norris (Snake:2)
  Frances (Elf:1)
  Roxanne (Snake:1)
  A frost giant (IceCv)
  Donald (Snake:3)
  Wiglaf (Snake:3)
  Gastronok (Lair:3)
  4 vault guards (D:14)
  A deep elf death mage (Elf:1)
  A fire dragon (D:15)
  9 hydras
  A rakshasa (D:15)
  Fannar (Orc:3)
  Harold (Orc:2)
  An ice dragon (D:15)
  10 naga warriors
  7 anacondas
  4 ogre magi (Orc:4)
  A death yak (IceCv)
  2 catoblepae
  6 naga sharpshooters
  2 shock serpents
  2 deep elf knights (Elf:1)
  3 skeletal warriors (D:14)
  An unseen horror (D:11)
  A salamander mystic (Snake:4)
  A deep elf summoner (Elf:1)
  An ice statue (IceCv)
  7 hill giants
  An orc knight (D:11)
  4 deep elf conjurers (Elf:1)
  3 oklob plants
  2 wolf spiders (Lair:8)
  2 griffons
  2 naga ritualists (Snake:2)
  4 mana vipers
  4 manticores
  10 ugly things
  A cyclops (D:14)
  An orc sorcerer (Volcano)
  12 salamanders
  2 red wasps (Lair:8)
  5 elephants (Lair:4)
  31 black mambas
  4 gargoyles
  13 spiny frogs
  A molten gargoyle (Volcano)
  19 naga magi
  A feature mimic (Snake:4)
  4 guardian serpents
  A demonic crawler (Elf:1)
  5 deep elf priests (Elf:1)
  11 komodo dragons
  Grinder (D:5)
  3 fire drakes
  20 polar bears
  4 trolls
  12 two-headed ogres (Orc:4)
  A wind drake (shapeshifter) (D:15)
  Prince Ribbit (D:6)
  A blink frog (shapeshifter) (D:15)
  17 blink frogs
  A wandering mushroom (D:8)
  2 slime creatures (Lair:7)
  3 basilisks
  A griffon skeleton (D:15)
  20 deep elf magi
  3 wyverns
  4 redbacks
  A trapdoor spider (D:14)
  A shadow (D:15)
  A hungry ghost (D:3)
  A wraith (D:15)
  A fire bat (Volcano)
  64 yaks
  6 hippogriffs
  9 hogs (Lair:8)
  35 wolves
  2 vampire mosquitoes (D:14)
  7 wargs
  A soldier ant (D:12)
  10 deep elf fighters
  4 mottled dragons
  38 water moccasins
  The ghost of Crauler the Shield-Bearer, an average VSFi (D:3)
  39 nagas
  3 sky beasts
  4 hell hounds (Lair:8)
  13 porcupines
  13 ice beasts
  3 yellow wasps (Lair:8)
  21 orc warriors
  An elf zombie (D:14)
  7 black bears
  A necrophage (D:12)
  A phantom (D:14)
  3 centaurs
  7 spiders (Lair:8)
  29 ogres
  2 manticore skeletons
  10 crocodiles
  Sigmund (D:6)
  Duvessa (D:6)
  15 giant frogs
  12 killer bees
  A yak zombie (D:7)
  4 scorpions
  An eye of draining (D:14)
  6 wights
  2 electric eels (D:14)
  Dowan (D:6)
  8 crimson imps
  A goliath beetle (D:9)
  8 jellies
  4 lava snakes (Volcano)
  A giant frog skeleton (D:8)
  21 hounds
  6 orange rats
  3 centaur skeletons
  17 orc priests
  13 iguanas
  19 orc wizards
  9 worker ants
  8 sheep (Lair:7)
  A big kobold skeleton (D:6)
  2 ogre skeletons
  2 mottled dragon skeletons
  A hound skeleton (D:8)
  3 mummies
  3 gnolls (D:6)
  42 green rats
  26 adders
  7 shadow imps
  A giant mite (D:5)
  2 worms
  An iguana zombie (D:6)
  An adder zombie (D:5)
  An iguana skeleton (D:7)
  An orc skeleton (D:9)
  5 giant geckos
  117 orcs
  A ball python (D:5)
  4 giant cockroaches
  15 hobgoblins
  18 jackals
  8 kobolds
  11 quokkas
  10 bats
  2 giant newts (D:3)
  15 goblins
  A goblin zombie (D:5)
  16 rats
  A rat zombie (D:9)
  A ballistomycete (D:6)
  A bush (Lair:5)
  2 crawling corpses (Elf:1)
  2 plants (Lair:8)
1136 creatures vanquished.

Vanquished Creatures (collateral kills)
  A hill giant skeleton (D:14)
1 creature vanquished.

Vanquished Creatures (others)
  An unseen horror (D:8)
  A wolf (IceCv)
  A naga (Snake:4)
  An ogre (D:8)
  5 spiders (D:14)
  A hound (D:8)
  An orc priest (D:8)
  A worker ant (D:8)
  A giant mite (D:14)
  An orc (Orc:2)
  A giant cockroach (D:8)
  A hobgoblin (Orc:2)
  2 giant spores
  A butterfly (D:7)
  2 fungi
  5 plants (Lair:8)
26 creatures vanquished.

Grand Total: 1163 creatures vanquished

Notes
Turn   | Place    | Note
--------------------------------------------------------------
     0 | D:1      | Crauler, the Vine Stalker Fighter, began the quest for the Orb.
     0 | D:1      | Reached XP level 1. HP: 11/11 MP: 1/1
   570 | D:1      | Reached XP level 2. HP: 16/16 MP: 3/3
  1314 | D:2      | Reached XP level 3. HP: 15/19 MP: 4/4
  1819 | D:3      | Noticed a centaur
  1844 | D:3      | Killed a centaur
  1844 | D:3      | Reached skill level 3 in Fighting
  1844 | D:3      | Reached skill level 1 in Dodging
  1844 | D:3      | Reached XP level 4. HP: 6/24 MP: 3/5
  1844 | D:3      | Reached XP level 5. HP: 7/28 MP: 4/7
  2079 | D:3      | Noticed a hungry ghost
  2116 | D:3      | Killed a hungry ghost
  2116 | D:3      | Gained mutation: You heal very quickly. [vine stalker growth]
  2116 | D:3      | Reached XP level 6. HP: 30/32 MP: 8/8
  2346 | D:3      | Noticed Crauler's ghost (average VSFi)
  2347 | D:3      | Found an ancient bone altar of Kikubaaqudgha.
  2348 | D:3      | Found a bloodstained altar of Trog.
  2400 | D:3      | Found a radiant altar of Vehumet.
  2402 | D:3      | Found a deep blue altar of Sif Muna.
  2462 | D:4      | Found a staircase to the Ecumenical Temple.
  2495 | Temple   | Entered the Ecumenical Temple
  2526 | Temple   | Became a worshipper of Warmaster Okawaru
  2671 | D:4      | Reached skill level 4 in Short Blades
  3151 | D:4      | Found a white marble altar of Elyvilon.
  3222 | D:4      | Reached XP level 7. HP: 31/36 MP: 7/9
  3495 | D:5      | Entered Level 5 of the Dungeon
  3495 | D:5      | Noticed Grinder
  3710 | D:5      | Killed Grinder
  3931 | D:5      | Found an opulent altar of Gozag.
  4070 | D:5      | Found a burning altar of Makhleb.
  4078 | D:5      | Found a shimmering altar of Xom.
  4298 | D:5      | Reached skill level 5 in Short Blades
  4298 | D:5      | Gained mutation: You have razor-sharp teeth. [vine stalker growth]
  4298 | D:5      | Reached XP level 8. HP: 38/42 MP: 11/11
  4764 | D:6      | Found a white marble altar of Elyvilon.
  4764 | D:6      | Noticed Dowan
  4766 | D:6      | Noticed Duvessa
  4848 | D:6      | Killed Duvessa
  4862 | D:6      | Killed Dowan
  4867 | D:6      | Acquired Okawaru's first power
  5094 | D:6      | Noticed Sigmund
  5106 | D:6      | Killed Sigmund
  5438 | D:6      | Noticed Prince Ribbit
  5458 | D:6      | Killed Prince Ribbit
  5458 | D:6      | Reached skill level 6 in Short Blades
  5670 | D:7      | Reached XP level 9. HP: 38/46 MP: 10/12
  5888 | D:7      | Reached skill level 5 in Shields
  6177 | D:7      | Found a glowing golden altar of the Shining One.
  6398 | D:7      | Reached skill level 5 in Fighting
  6421 | D:8      | Killed an unseen horror
  6524 | D:8      | Reached skill level 7 in Short Blades
  6524 | D:8      | Reached skill level 1 in Invocations
  6723 | D:8      | Found a staircase to the Lair.
  6723 | D:8      | Noticed a wandering mushroom
  6753 | D:8      | Killed a wandering mushroom
  6753 | D:8      | Reached skill level 5 in Armour
  6893 | D:8      | Found a shimmering altar of Xom.
  6943 | D:8      | Found a stormy altar of Qazlal.
  7250 | D:9      | Learned a level 1 spell: Apportation
  7253 | D:9      | Learned a level 2 spell: Blink
  7255 | D:9      | Learned a level 1 spell: Summon Butterflies
  7345 | D:9      | Reached XP level 10. HP: 45/51 MP: 15/18
  7583 | D:9      | Reached skill level 8 in Short Blades
  7975 | D:10     | Entered Level 10 of the Dungeon
  8011 | D:10     | Found a portal to a secret trove of treasure.
  8101 | D:10     | Found a staircase to the Orcish Mines.
  8242 | D:10     | Got a transparent leather armour
  8243 | D:10     | Identified the cursed +0 leather armour of Hedge Wizardry {Str+3} (You found it on level 10 of the Dungeon)
  8292 | D:10     | Noticed a hill giant
  8311 | D:10     | Killed a hill giant
  8326 | D:10     | Found Wemecveh's Food Shoppe.
  8392 | D:10     | Reached skill level 5 in Invocations
  8560 | D:10     | Identified a scroll of acquirement
  8601 | D:10     | Noticed a hill giant
  8661 | D:10     | Killed a hill giant
  8881 | D:11     | Killed an unseen horror
  8881 | D:11     | Reached skill level 9 in Short Blades
  8936 | D:11     | Reached XP level 11. HP: 55/55 MP: 23/23
  8997 | D:11     | Noticed an orc knight
  9005 | D:11     | Noticed a manticore
  9032 | D:11     | Killed an orc knight
  9041 | D:11     | Killed a manticore
  9056 | D:11     | Got a slimy bone ring
  9060 | D:11     | Identified the ring of Ghivaiw {Fire Str+2 Dex+3} (You found it on level 11 of the Dungeon)
  9127 | D:11     | Acquired Okawaru's second power
  9309 | D:11     | Noticed a four-headed hydra
  9322 | D:11     | Killed a four-headed hydra
  9427 | D:12     | Noticed a six-headed hydra
  9440 | D:12     | Noticed a six-headed hydra
  9444 | D:12     | Killed a six-headed hydra
  9463 | D:12     | Killed a six-headed hydra
  9463 | D:12     | Reached skill level 10 in Short Blades
  9472 | D:12     | Noticed a hill giant
  9489 | D:12     | Killed a hill giant
 10631 | D:13     | Noticed a hill giant
 10631 | D:13     | Noticed a five-headed hydra
 10651 | D:13     | Killed a hill giant
 10651 | D:13     | Received a gift from Okawaru
 10651 | D:13     | Gained mutation: You regenerate. [vine stalker growth]
 10651 | D:13     | Reached XP level 12. HP: 50/60 MP: 25/25
 10669 | D:13     | Killed a five-headed hydra
 10743 | D:13     | Got a pair of shimmering boots {god gift}
 10754 | D:13     | Identified the +0 pair of boots "Strir" {rF+ rC+ Int-4} (Okawaru gifted it to you on level 13 of the Dungeon)
 10906 | D:13     | Found Skeunoo's Food Emporium.
 11152 | D:13     | Noticed a hill giant
 11157 | D:13     | Killed a hill giant
 11375 | D:14     | Reached skill level 11 in Short Blades
 11548 | D:14     | Found a gate to the Vaults.
 11548 | D:14     | Noticed a vault guard
 11548 | D:14     | Noticed a vault guard
 11548 | D:14     | Noticed a vault guard
 11566 | D:14     | Killed a vault guard
 11567 | D:14     | Noticed a vault guard
 11587 | D:14     | Killed a vault guard
 11587 | D:14     | Reached skill level 5 in Dodging
 11610 | D:14     | Killed a vault guard
 11610 | D:14     | Received a gift from Okawaru
 11646 | D:14     | Killed a vault guard
 11733 | D:14     | Reached XP level 13. HP: 57/66 MP: 26/26
 11817 | D:14     | Found a glowing silver altar of Zin.
 11977 | D:14     | Received a gift from Okawaru
 12190 | D:14     | Reached skill level 12 in Short Blades
 12435 | D:15     | Entered Level 15 of the Dungeon
 12575 | D:15     | Learned a level 2 spell: Cure Poison
 12792 | D:15     | Found an opulent altar of Gozag.
 13151 | D:15     | Found a shadowy altar of Dithmenos.
 13210 | D:15     | Received a gift from Okawaru
 13359 | D:15     | Found a staircase to the Depths.
 13996 | D:3      | Killed Crauler's ghost
 14266 | Orc:1    | Entered Level 1 of the Orcish Mines
 14457 | Orc:2    | Noticed Harold
 14481 | Orc:2    | Killed Harold
 14531 | Orc:2    | Found a frozen archway.
 14594 | IceCv    | Entered an ice cave
 14805 | IceCv    | Reached XP level 14. HP: 62/73 MP: 27/27
 14870 | IceCv    | Reached skill level 10 in Shields
 15095 | IceCv    | Noticed a frost giant
 15133 | IceCv    | Killed a frost giant
 15184 | IceCv    | Received a gift from Okawaru
 15200 | IceCv    | Got a wavering lead ring
 15209 | IceCv    | Identified Sif Muna's Compendium of the Shifting Escort
 15212 | IceCv    | Identified the ring "Eshraum" {Ice rElec Str-1 SInv} (You found it in an ice cave)
 16264 | Orc:3    | Noticed Fannar
 16280 | Orc:3    | Killed Fannar
 16357 | Orc:4    | Entered Level 4 of the Orcish Mines
 16357 | Orc:4    | Found a bloodstained altar of Trog.
 16424 | Orc:4    | Found a staircase to the Elven Halls.
 16524 | Orc:4    | Found Vaothrit's General Store.
 16524 | Orc:4    | Found Ewkuokk's Antique Weapon Shop.
 16524 | Orc:4    | Found Cruud's Distillery.
 16524 | Orc:4    | Found Eses' Food Emporium.
 16665 | Orc:4    | Received a gift from Okawaru
 16666 | Orc:4    | Got a twisted scale mail {god gift}
 16679 | Orc:4    | Bought a potion of heal wounds for 39 gold pieces
 16691 | Orc:4    | Bought a scroll of teleportation for 33 gold pieces
 16691 | Orc:4    | Bought a scroll of teleportation for 33 gold pieces
 16710 | Orc:4    | Identified the -4 scale mail of Inference {+Fly Int-2 SInv} (Okawaru gifted it to you on level 4 of the Orcish Mines)
 17206 | Elf:1    | Entered Level 1 of the Elven Halls
 17332 | Elf:1    | Found Sot Pnua's Distillery.
 17877 | Elf:1    | Reached XP level 15. HP: 63/80 MP: 28/28
 18058 | Elf:1    | Noticed Frances
 18083 | Elf:1    | Killed Frances
 18083 | Elf:1    | Reached skill level 10 in Armour
 18541 | Lair:1   | Entered Level 1 of the Lair of Beasts
 18810 | Lair:1   | Reached skill level 10 in Fighting
 19043 | Lair:1   | Received a gift from Okawaru
 19527 | Lair:2   | Received a gift from Okawaru
 20131 | Lair:3   | Noticed Gastronok
 20151 | Lair:3   | Killed Gastronok
 21236 | Lair:4   | Received a gift from Okawaru
 21314 | Lair:4   | Found a staircase to the Snake Pit.
 21980 | Lair:5   | Gained mutation: You passively map a small area around you. [potion of mutation]
 21980 | Lair:5   | Gained mutation: You tend to lose your temper in combat. [potion of mutation]
 21980 | Lair:5   | Gained mutation: You have large cloven feet. [potion of mutation]
 22779 | Lair:6   | Lost mutation: You tend to lose your temper in combat. [potion of cure mutation]
 22779 | Lair:6   | Lost mutation: You have large cloven feet. [potion of cure mutation]
 22779 | Lair:6   | Lost mutation: You passively map a small area around you. [potion of cure mutation]
 23052 | Lair:6   | Found a dark tunnel.
 23064 | Volcano  | Entered a volcano
 23393 | Volcano  | Found a radiant altar of Vehumet.
 23749 | Lair:6   | Found a staircase to the Shoals.
 24283 | Lair:7   | Reached XP level 16. HP: 77/86 MP: 29/29
 24322 | Lair:7   | Found a staircase to the Slime Pits.
 24938 | Lair:8   | Entered Level 8 of the Lair of Beasts
 24983 | Lair:8   | Identified a -2 rod of the swarm (14/14) (You found it on level 8 of the Lair of Beasts)
 25185 | Lair:8   | Received a gift from Okawaru
 25207 | Lair:8   | Reached skill level 10 in Dodging
 25241 | Lair:8   | Learned a level 3 spell: Flight
 26034 | Lair:8   | Received a gift from Okawaru
 26677 | Snake:1  | Entered Level 1 of the Snake Pit
 27025 | Snake:1  | Found Fausauc's Magic Scroll Emporium.
 27031 | Snake:1  | Bought a scroll of remove curse for 33 gold pieces
 27031 | Snake:1  | Bought a scroll of enchant armour for 82 gold pieces
 27031 | Snake:1  | Bought a scroll of recharging for 104 gold pieces
 27031 | Snake:1  | Bought a scroll of blinking for 82 gold pieces
 27440 | Snake:1  | Noticed Roxanne
 27511 | Snake:1  | Killed Roxanne
 27517 | Snake:1  | Identified Roxanne's Collected Works on Earthen Moulding (You took it off Roxanne on level 1 of the Snake Pit)
 27901 | Snake:2  | Noticed Norris
 27910 | Snake:2  | Paralysed by Norris for 5 turns
 28088 | Snake:2  | Killed Norris
 28088 | Snake:2  | Reached XP level 17. HP: 82/93 MP: 30/30
 28442 | Snake:3  | Received a gift from Okawaru
 28492 | Snake:3  | Reached skill level 13 in Shields
 28677 | Snake:3  | Noticed Donald
 28709 | Snake:3  | Killed Donald
 28996 | Snake:3  | Noticed Wiglaf
 29033 | Snake:3  | Killed Wiglaf
 30072 | Snake:4  | Received a gift from Okawaru
 30571 | Snake:5  | Entered Level 5 of the Snake Pit
 30817 | Snake:5  | HP: 3/94 [naga ritualist/dagger of venom (4)]
 30818 | Snake:5  | HP: 1/94 [naga ritualist/Olgreb's Toxic Radiance (3)]
 30819 | Snake:5  | Demolished by a greater naga

Action                   |  1- 3 |  4- 6 |  7- 9 | 10-12 | 13-15 | 16-18 || total
-------------------------+-------+-------+-------+-------+-------+-------++-------
Melee: Dagger            |   112 |   144 |       |       |       |       ||   256
       Short sword       |       |    15 |   498 |   176 |       |       ||   689
       Quick blade       |       |       |       |   562 |  2208 |  1611 ||  4381
Invok: Heroism           |       |       |     1 |     9 |     5 |     8 ||    23
       Finesse           |       |       |       |       |     1 |     1 ||     2
Evoke: Wand              |       |       |     3 |     3 |     6 |     2 ||    14
       Sack of spiders   |       |       |       |     6 |       |       ||     6
  Use: Scroll            |       |       |    14 |    10 |    17 |     6 ||    47
       Potion            |       |       |     7 |     3 |     6 |     4 ||    20
 Stab: Sleeping          |       |       |       |     2 |       |       ||     2
       Distracted        |       |       |       |     2 |       |       ||     2
       Fleeing           |       |       |       |       |     3 |     2 ||     5
       Petrified         |       |       |       |       |       |     1 ||     1
  Eat: Chunk             |     3 |     4 |    15 |    14 |    38 |    22 ||    96
       Pizza             |       |       |       |     1 |       |       ||     1
       Beef jerky        |       |       |       |       |     2 |       ||     2
